 Dungeon Crawl Stone Soup version 0.30-a0-528-g8c47a4955b (webtiles) character file.

Game seed: 2272977125141206951

154 PyroL the Changer (level 5, -23/33 HPs)
             Began as an Octopode Transmuter on Dec 23, 2022.
             Was an Initiate of Gozag.
             Killed by an exploding orc priest (30 damage)
             ... ignited by their inner flame
             ... on level 4 of the Dungeon.
             The game lasted 00:07:45 (4147 turns).

PyroL the Changer (Octopode Transmuter)             Turns: 4147, Time: 00:07:45

Health: -23/33     AC:  1    Str:  9    XL:     5   Next: 36%
Magic:  0/8        EV: 13    Int: 17    God:    Gozag
Gold:   183        SH:  0    Dex: 13    Spells: 2/8 levels left

rFire   . . .      SeeInvis .      - Unarmed
rCold   . . .      Faith    .    (no shield)
rNeg    . . .      Spirit   +    (helmet currently unavailable)
rPois   .          Reflect  .    b - amulet of guardian spirit
rElec   .          Harm     .    t - ring of wizardry
rCorr   .          Rampage  .    (no ring)
Will    .....                    (no ring)
Stlth   ++                       (no ring)
HPRegen 0.25/turn                (no ring)
MPRegen 0.11/turn                (no ring)
                                 (no ring)
                                 (no ring)

@: appendages, wereblooded, gold aura
A: tentacle spike 3, almost no armour, amphibious, 8 rings, camouflage 1,
gelatinous body 1, (nimble swimmer 1), tentacles
a: End Transformation, Renounce Religion, Potion Petition, Call Merchant, Bribe
Branch


You were on level 4 of the Dungeon.
You worshipped Gozag.
Gozag was aware of your devotion.
One of your tentacles had grown a beastly spike.
You visited 1 branch of the dungeon, and saw 5 of its levels.

You collected 235 gold pieces.
You paid 52 gold pieces to Gozag.

Inventory:

Missiles
 s - 5 poisoned darts
Jewellery
 b - an amulet of guardian spirit (around mantle)
 t - a ring of wizardry (left tentacle)
Scrolls
 c - 2 scrolls of identify
 d - 3 scrolls of immolation
 f - a scroll of enchant weapon
 j - a scroll of enchant armour {unknown}
 k - a scroll of magic mapping {unknown}
 l - a scroll of amnesia {unknown}
 m - a scroll of poison {unknown}
 n - 3 scrolls of vulnerability {unknown}
 o - a scroll of noise {unknown}
Potions
 a - 6 potions of lignification
 e - 4 potions of curing
 g - a potion of mutation
 h - a potion of flight
 i - a potion of attraction {unknown}
 p - 3 potions of might {unknown}
 q - a potion of heal wounds {unknown}
 r - a potion of haste {unknown}
 u - a potion of degeneration {unknown}


   Skills:
 - Level 1.0 Fighting
 - Level 2.0 Dodging
 + Level 3.3 Unarmed Combat
 - Level 2.0 Spellcasting
 + Level 4.3 Transmutations
 - Level 3.0 Poison Magic


You had 2 spell levels left.
You knew the following spells:

 Your Spells              Type           Power      Damage    Failure   Level
a - Beastly Appendage     Tmut           32%        N/A       1%          1
b - Wereblood             Tmut           16%        N/A       1%          2
c - Spider Form           Tmut/Pois      14%        N/A       5%          3

Your spell library contained the following spells:

 Spells                   Type           Power      Damage    Failure   Level
 Ice Form                 Ice/Tmut       9%         N/A       30%         4


Dungeon Overview and Level Annotations

Branches:
Dungeon (5/15)
 Temple: D:4-7

Altars:
Gozag
Kikubaaqudgha
Makhleb

Annotations:
D:3 1 runed translucent door, Crazy Yiuf
D:4 Dowan, Duvessa, Pikel


Innate Abilities, Weirdness & Mutations

One of your tentacles has grown a beastly spike.
You cannot wear most types of armour.
You are amphibious.
You can wear up to eight rings at the same time.
Your skin changes colour to match your surroundings (Stealth+).
Your rubbery body absorbs attacks. (AC +1, EV +1)
((You are camouflaged when in or above water. (Stealth+)))
You have tentacles for arms and can constrict up to eight enemies at once.


Message History

You barely miss the orc priest. You grab the orc priest.
The orc priest is heavily wounded.
You constrict the orc priest. Something hits you.
The orc hits you with a +0 short sword. The orc priest misses you.
Casting: Wereblood (safe; 1% risk of failure)
Confirm with . or Enter, or press ? or * to list all spells.
You don't know that spell.
Okay, then.
Casting: Wereblood (safe; 1% risk of failure)
Confirm with . or Enter, or press ? or * to list all spells.
One of your tentacles grows a vicious spike.
You constrict the orc priest.
You hear some strange, mumbled words.
A magic dart appears from out of thin air!
The magic dart hits you.
* * * LOW HITPOINT WARNING * * *
The orc closely misses you. The orc priest hits you with a +0 whip.
* * * LOW HITPOINT WARNING * * *
You tentacle-slap the orc priest.
The orc priest is severely wounded.
You constrict the orc priest. Something hits you but does no damage.
The orc misses you. The orc priest hits you with a +0 whip.
* * * LOW HITPOINT WARNING * * *
Unknown command.
As you read the scroll labelled FOWUEK ZIOMMO, it crumbles to dust.
The creatures around you are filled with an inner flame!
It was a scroll of immolation.
You constrict the orc priest.
Flame seeps out of the orc priest.
You hear some strange, mumbled words.
A magic dart appears from out of thin air!
The magic dart hits you!
* * * LOW HITPOINT WARNING * * *
The orc misses you.
The orc priest is engulfed in blazing flames.
You feel a bit better.
The orc priest explodes!
The fiery explosion engulfs you!!
Ouch! That really hurt!
You die...
Your body crumbles into a pile of gold.

#. #.# .##.##. #.#
..#....##.###
............
..........
#.....#.#######
#......$.......
#.#..§o{#.#
.....§○@..#
.$...§§§>.#
....$......$....
#.####.#..###.## #
#.#$.# #.#..# .
........ ......
#.#..##..#r.......
.#..##.K#. .....


You could see an orc (inner flame).

Vanquished Creatures
  An orc priest (D:4)
  Jessica (D:3)
  An orc wizard (D:4)
  4 adders
  A gnoll (D:1)
  A worm (D:2)
  7 orcs
  3 endoplasms
  A giant cockroach (D:2)
  3 goblins
  4 hobgoblins
  3 quokkas
  4 ball pythons
  8 bats
  A frilled lizard (D:3)
  10 rats
53 creatures vanquished.

Notes
Turn   | Place    | Note
-------+----------+-------------------------------------------
     0 | D:1      | PyroL the Octopode Transmuter began the quest for the Orb.
     0 | D:1      | Reached XP level 1. HP: 13/13 MP: 3/3
   102 | D:1      | Reached skill level 1 in Poison Magic
   102 | D:1      | Reached XP level 2. HP: 18/18 MP: 3/5
   799 | D:1      | Learned a level 2 spell: Wereblood
  1139 | D:2      | Reached XP level 3. HP: 21/23 MP: 4/6
  1247 | D:2      | Reached skill level 3 in Transmutations
  1959 | D:2      | Reached XP level 4. HP: 28/28 MP: 5/7
  2400 | D:3      | Learned a level 3 spell: Spider Form
  2532 | D:3      | Found an ancient bone altar of Kikubaaqudgha.
  2536 | D:3      | Found an opulent altar of Gozag.
  2600 | D:3      | Noticed Jessica
  2608 | D:3      | Killed Jessica
  2616 | D:3      | Found a runed translucent door.
  2617 | D:3      | Noticed Crazy Yiuf
  2752 | D:3      | Found a burning altar of Makhleb.
  2838 | D:3      | Became a worshipper of Gozag Ym Sagoz the Greedy
  3037 | D:3      | Reached skill level 4 in Transmutations
  3367 | D:4      | Noticed Pikel
  3367 | D:4      | Noticed a lemure
  3367 | D:4      | Noticed a lemure
  3367 | D:4      | Noticed a lemure
  3367 | D:4      | Noticed a lemure
  3656 | D:4      | You fall into a shaft and drop 1 floor!
  3656 | D:5      | Entered Level 5 of the Dungeon
  3696 | D:4      | Reached XP level 5. HP: 6/33 MP: 0/8
  3703 | D:4      | Noticed Duvessa
  3968 | D:4      | Noticed Dowan
  4147 | D:4      | Killed by an exploding orc priest... ignited by their inner
                  | flame

Illustrated notes

Levels and vault maps discovered:
D:1:      dpeg_arrival_rooms_b, layout_basic, serial_rivers,
          chequers_serial_rivers_room_b, chequers_serial_rivers_micro_c,
          chequers_serial_rivers_micro_a, chequers_serial_rivers_micro_c,
          chequers_serial_rivers_micro_e, chequers_serial_rivers_large_b
D:2:      layout_loops_corners, grunt_ministairs_6, minmay_misc_feat_enclosed
D:3:      layout_basic, bloody_makhleb, jmf_multi_god_temple,
          uniq_crazy_yiuf_cottage, uniq_jessica
D:4:      layout_basic, uniq_pikel, uniq_duvessa
D:5:      layout_layer_cave, lemuel_round_altar, minmay_misc_feat_x,
          nrook_mini_vaults, uniq_menkaure

Skill      XL: |  1  2  3  4 |
---------------+-------------+-----
Poison Magic   | 1 2 3 |  3.0
Transmutations | 3 4 |  4.3
Fighting       | |  1.0
Dodging        | |  2.0
Unarmed Combat | |  3.3
Spellcasting   | |  2.0

Action                   |  1- 3 |  4- 6 || total
-------------------------+-------+-------++-------
Melee: Unarmed           |    53 |    51 ||   104
       Tentacles         |     7 |     7 ||    14
       Constrict         |    20 |    11 ||    31
       Kick              |    17 |     9 ||    26
 Cast: Beastly Appendage |    25 |    19 ||    44
       Spider Form       |       |     4 ||     4
       Wereblood         |       |     1 ||     1
  Use: Scroll            |     5 |     1 ||     6
 Stab: Sleeping          |     9 |     3 ||    12
Armor: Skin              |     2 |     2 ||     4
Dodge: Dodged            |    22 |    30 ||    52

Table legend: (Time is in decaauts)
 A = Elapsed time spent in this place.
 B = Non-inter-level travel time spent in this place.
 C = Inter-level travel time spent in this place.
 D = Time resting spent in this place.
 E = Time spent auto-exploring this place.
 F = Levels seen in this place.
 G = Mean time per level.
                   A        B        C        D        E       F      G
               +--------+--------+--------+--------+--------+-----+--------+
         Total |   4141 |   3990 |    151 |    987 |   2376 |   5 |  828.2 |
       Dungeon |   4141 |   3990 |    151 |    987 |   2376 |   5 |  828.2 |
               +--------+--------+--------+--------+--------+-----+--------+

Top non-repeatable levels by time:
     D:2: 1274 daAuts
     D:3: 1088 daAuts
     D:1: 1024 daAuts
     D:5: 391 daAuts
     D:4: 363 daAuts
